 Dungeon Crawl Stone Soup version 0.16.1-11-g651b585 (webtiles) character file.

226 LuckyCent the Ruffian (level 5, -5/79 HPs)
             Began as a Troll Monk on Apr 5, 2015.
             Was a Follower of Zin.
             Slain by Natasha (6 damage)
             ... on level 3 of the Dungeon.
             The game lasted 00:12:29 (1713 turns).

LuckyCent the Ruffian (Troll Monk)                  Turns: 1713, Time: 00:12:29

Health: -5/79      AC: 22    Str: 20    XL:     5   Next: 69%
Magic:  2/2        EV:  1    Int: 11    God:    Zin [*.....]
Gold:   107        SH:  0    Dex: 12    Spells: 0 memorised, 4 levels left

rFire  . . .     SeeInvis .       - Unarmed
rCold  . . .     Clarity  .     a - melded +0 robe
rNeg   + + +     SustAb   .     (shield restricted)
rPois  +         Gourm    +     (helmet currently unavailable)
rElec  .         Spirit   .     (cloak currently unavailable)
rCorr  .         Warding  .     (gloves unavailable)
rMut   .         NoTele   +     (boots unavailable)
MR     .....                    (no amulet)
Stlth  ++........               (no ring)
                                (no ring)

@: brilliant, tree-form, slowed, very slow, not resistant to hostile
enchantments, unstealthy
A: unfitting armour, (claws 0), fast metabolism 3, gourmand, regeneration 2,
(shaggy fur 0), (tough skin 0)
a: Recite, Renounce Religion


You were on level 3 of the Dungeon.
You worshipped Zin.
Zin was aware of your devotion.
You were not hungry.
You were a tree.
You visited 1 branch of the dungeon, and saw 3 of its levels.

You collected 156 gold pieces.
You donated 49 gold pieces to Zin.

Inventory:

Armour
 a - a +0 robe (melded)
 d - a +0 robe
Scrolls
 c - 4 scrolls of identify {unknown}
 e - a scroll of fog {unknown}
 g - a scroll of amnesia {unknown}
 k - a scroll of blinking {unknown}
Potions
 h - a potion of resistance {unknown}
 i - a potion of magic {unknown}
Books
 p - a book of Transfigurations

   Spells                             Type                      Level
   a - Stoneskin                      Transmutation/Earth          2
   b - Irradiate                      Conjuration/Transmutation    5
   c - Statue Form                    Transmutation/Earth          6
   d - Hydra Form                     Transmutation                6
   e - Dragon Form                    Transmutation                7
   Zin disapproves of the use of such an item.
Comestibles
 b - 2 meat rations
 f - a bread ration
 l - a slice of pizza
 n - a chunk of flesh


   Skills:
 + Level 3.2 Fighting
 + Level 3.8 Dodging
 + Level 1.3 Stealth
 + Level 5.3 Unarmed Combat


You had 4 spell levels left.
You didn't know any spells.

Dungeon Overview and Level Annotations

Branches:
Dungeon (3/15)

Altars:
Ashenzari
Dithmenos
Gozag
Nemelex Xobeh
Qazlal
Sif Muna
Yredelemnul
Zin
The Shining One

Annotations:
D:3 Natasha


Innate Abilities, Weirdness & Mutations

You are too large for most types of armour.
((You have claws for hands.))
Your metabolism is lightning-fast.
You like to eat raw meat.
You heal very quickly.
((You are covered in fur (AC +1).))
((You have very tough skin (AC +2).))


Message History

Drink which item? (? for menu, Esc to quit)
It was a potion of curing.
You feel better. The white imp hits you.
* * * LOW HITPOINT WARNING * * *
The white imp freezes you.
* * * LOW HITPOINT WARNING * * *
The white imp disappears for a moment.
Natasha closely misses you. The white imp hits you.
* * * LOW HITPOINT WARNING * * *
The white imp freezes you.
* * * LOW HITPOINT WARNING * * *
Drink which item? (? for menu, Esc to quit)
It was a potion of lignification.
You turn into a tree.
Your +0 robe melds into your body.
Your roots penetrate the ground.
Zin forgives your inadvertent chaotic act, just this once.
Natasha claws you but does no damage. The white imp hits you.
* * * LOW HITPOINT WARNING * * *
The white imp freezes you.
* * * LOW HITPOINT WARNING * * *
Natasha claws you.
You die...

....####
......(#
.##.##)#
###
.##.##.#
..#
.##.##.# #
#.#
<...##.#.#
#5#
.##.##.#.#
#5#
.........#
#h#
.##.##.###
#♣#
....##.#
#5# .# #)#
#§########
#.#
#§.......#
#.#
########.#
#.# #.#
#.# #.# #
#.# #.#
#.##.###
#.#


You could see Natasha and 3 white imps.

Vanquished Creatures
  The ghost of sevi the Skirmisher, an average CeFi (D:3)
  Natasha (D:3)
  2 orc wizards (D:3)
  An adder (D:3)
  A giant mite (D:1)
  2 worms
  A giant gecko (D:2)
  2 oozes (D:3)
  8 orcs (D:3)
  A ball python (D:2)
  6 bats
  4 giant cockroaches
  6 goblins
  3 hobgoblins
  7 kobolds
  2 quokkas
  3 giant newts (D:3)
  3 jackals (D:1)
  4 rats
58 creatures vanquished.

Notes
Turn   | Place    | Note
--------------------------------------------------------------
     0 | D:1      | LuckyCent, the Troll Monk, began the quest for the Orb.
     0 | D:1      | Reached XP level 1. HP: 22/22 MP: 1/1
    89 | D:1      | Found a sparkling altar of Nemelex Xobeh.
   128 | D:1      | Reached XP level 2. HP: 29/29 MP: 1/1
   604 | D:2      | Found a glowing silver altar of Zin.
   608 | D:2      | Became a worshipper of Zin the Law-Giver
   608 | D:2      | Acquired Zin's first power
   608 | D:2      | Acquired Zin's second power
   609 | D:2      | Donated 34 gold pieces to Zin
   705 | D:2      | Reached XP level 3. HP: 31/36 MP: 2/2
  1048 | D:2      | Found a shadowy altar of Dithmenos.
  1048 | D:2      | Found a glowing golden altar of the Shining One.
  1050 | D:2      | Found a deep blue altar of Sif Muna.
  1051 | D:2      | Found a basalt altar of Yredelemnul.
  1054 | D:2      | Found a shattered altar of Ashenzari.
  1054 | D:2      | Found an opulent altar of Gozag.
  1194 | D:3      | Reached XP level 4. HP: 40/44 MP: 2/2
  1214 | D:3      | Was placed under penance by Zin
  1285 | D:3      | Reached skill level 5 in Unarmed Combat
  1294 | D:3      | Noticed sevi's ghost (average CeFi)
  1302 | D:3      | Killed sevi's ghost
  1302 | D:3      | Reached XP level 5. HP: 17/53 MP: 2/2
  1312 | D:3      | Found a stormy altar of Qazlal.
  1380 | D:3      | Noticed Natasha
  1386 | D:3      | Killed Natasha
  1553 | D:3      | Was forgiven by Zin
  1701 | D:3      | Noticed Natasha
  1711 | D:3      | Zin protects you from harm!
  1713 | D:3      | HP: 1/79 [white imp[Natasha] (4)]
  1713 | D:3      | Slain by Natasha

Action                   |  1- 3 |  4- 6 || total
-------------------------+-------+-------++-------
Melee: Unarmed           |    84 |    84 ||   168
  Use: Potion            |       |     3 ||     3
  Eat: Chunk             |     8 |     6 ||    14
